 Dungeon Crawl Stone Soup version 0.30.1-11-g7821555f0a (webtiles) character file.

Game seed: 9679515514553252503

1120 Peloso the Slasher (level 8, -1/70 HPs)
             Began as a Minotaur Fighter on Jan 15, 2024.
             Was a Follower of Okawaru.
             Slain by an orc warrior
             ... wielding a +0 halberd of freezing
              (6 damage)
             ... on level 6 of the Dungeon.
             The game lasted 00:07:12 (5186 turns).

Peloso the Slasher (Minotaur Fighter)               Turns: 5186, Time: 00:07:13

Health: -1/70      AC: 11    Str: 22    XL:     8   Next: 12%
Magic:  7/7        EV:  9    Int:  5    God:    Okawaru [*.....]
Gold:   214        SH:  5    Dex: 11    Spells: 7/7 levels left

rFire   . . .        a - +0 long sword
rCold   . . .        d - +0 buckler
rNeg    . . .        w - +0 chain mail
rPois   .            (helmet restricted)
rElec   .            (no cloak)
rCorr   .            c - +0 pair of gloves
SInv    .            (no boots)
Will    +....        (no amulet) Stlth
                     e - ring of willpower
HPRegen 0.31/turn    (no ring)
MPRegen 0.10/turn

%: no passive effects
@: no status effects
A: horns 2, retaliatory headbutt
a: Renounce Religion, Heroism


You were on level 6 of the Dungeon.
You worshipped Okawaru.
Okawaru was aware of your devotion.
You visited 2 branches of the dungeon, and saw 7 of its levels.

You collected 214 gold pieces.

Inventory:

Hand Weapons
 a - a +0 long sword (weapon)
Armour
 b - a +0 scale mail
 c - a +0 pair of gloves (worn)
 d - a +0 buckler (worn)
 w - a +0 chain mail (worn)
Jewellery
 e - a ring of willpower (left hand)
 h - an amulet of guardian spirit
Wands
 u - a wand of mindburst (8)
 v - a wand of flame (18)
Scrolls
 g - 3 scrolls of teleportation
 j - 4 scrolls of fear {unknown}
 n - a scroll of torment {unknown}
 p - a scroll of blinking {unknown}
 q - a scroll of acquirement {unknown}
 s - 3 scrolls of identify
 x - a scroll of fog {unknown}
 y - a scroll of immolation {unknown}
Potions
 f - 3 potions of attraction {unknown}
 i - 2 potions of might
 k - 3 potions of invisibility {unknown}
 l - a potion of mutation
 m - 4 potions of curing
 o - 3 potions of magic {unknown}
 r - 2 potions of flight {unknown}
 t - a potion of heal wounds


   Skills:
 + Level 6.1 Fighting
 + Level 7.3 Long Blades
 + Level 6.8 Armour
 + Level 2.1 Dodging
 + Level 1.0 Stealth
 + Level 5.3 Shields


You had 7 spell levels left.
You didn't know any spells.
Your spell library contained the following spells:

 Spells                   Type           Power      Damage    Failure   Level
 Foxfire                  Conj/Fire      0%         2x1d4     98%         1
 Magic Dart               Conj           0%         1d3       98%         1
 Searing Ray              Conj           0%         2d4       99%         2
 Inner Flame              Hex/Fire       0%         N/A       100%        3
 Flame Wave               Conj/Fire      0%         2d4       100%        4
 Fulminant Prism          Conj/Hex       0%         3d5       100%        4
 Sticky Flame             Conj/Fire      0%         2d3       100%        4
 Fireball                 Conj/Fire      0%         3d3       100%        5
 Plasma Beam              Fire/Air       0%         2x1d11    100%        6
 Starburst                Conj/Fire      0%         6d3       100%        6
 Storm Form               Tmut/Air       0%         N/A       100%        7
 Maxwell's Capacitive Co  Air            0%         ∞         100%        8
 Summon Lightning Spire   Summ/Air       Unusable   N/A       N/A         4

Dungeon Overview and Level Annotations

Branches:
Dungeon (6/15)             Temple (1/1) D:5

Altars:
Hepliaklqana
Okawaru
Sif Muna
Trog


Innate Abilities, Weirdness & Mutations

You have a pair of horns on your head.
You reflexively headbutt those who attack you in melee.


Message History

The orc wizard is almost dead.
The orc closely misses you.
The orc wizard hits you with a +0 dagger.
You hit the orc wizard.
You kill the orc wizard!
Okawaru accepts your kill. The orc hits you with a +0 flail.
The orc hits you but does no damage.
Things that are here:
a +0 dagger; a +0 robe; an orc corpse You closely miss the orc.
Your headbutt misses the orc. The orc barely misses you.
You closely miss the orc. Your headbutt misses the orc.
The orc barely misses you. You furiously retaliate!
You headbutt the orc!
You kill the orc!
Okawaru accepts your kill.
You see here a +0 flail.
Things that are here:
a +0 dagger; a +0 robe; an orc corpse
j - 4 scrolls labelled LAOGILL EDWO (gained 1)
s - 3 scrolls of identify (gained 1)
An orc warrior comes into view.
It is wielding a +0 halberd of freezing.
An orc warrior is nearby!
An orc warrior is nearby!
The orc warrior shouts!
The orc warrior hits you from afar with a +0 halberd of freezing.
The orc warrior freezes you.
The orc warrior hits you with a +0 halberd of freezing!
The orc warrior freezes you!
There is an open door, spattered with blood here.
You hit the orc warrior. You headbutt the orc warrior.
The orc warrior is moderately wounded.
The orc warrior hits you with a +0 halberd of freezing!
The orc warrior freezes you.
You hit the orc warrior.
The orc warrior is moderately wounded.
The orc warrior hits you with a +0 halberd of freezing!!
* * * LOW HITPOINT WARNING * * *
The orc warrior freezes you.
You die...

#### ###### ...# #....#
...####.##.############.
........................
...####.##......##......
#+#.............@o......
.#.##...##......###.....
#.#.#..)##......# ...
.#.#...)........# .
#.#.##.###.#.####
.#.###.# #.#.. #.#.####
#.#.## .#[## ..... #


You could see an orc warrior.

Vanquished Creatures
  A centaur (D:5)
  2 ogres (D:5)
  Blork the orc (D:4)
  3 scorpions
  A jelly (D:6)
  4 hounds
  An iguana (D:4)
  2 sleepcaps (D:5)
  3 orc wizards
  11 gnolls
  10 adders
  2 ufetubi
  A worm (D:3)
  A dart slug (D:5)
  13 orcs
  4 endoplasms
  3 giant cockroaches
  12 goblins
  9 hobgoblins
  7 jackals
  9 kobolds
  8 quokkas
  3 ball pythons
  3 bats (D:1)
  2 frilled lizards
  6 rats
  A butterfly (D:5)
123 creatures vanquished.

Notes
Turn   | Place    | Note
-------+----------+-------------------------------------------
     0 | D:1      | Peloso the Minotaur Fighter began the quest for the Orb.
     0 | D:1      | Reached XP level 1. HP: 19/19 MP: 0/0
   548 | D:1      | Reached XP level 2. HP: 27/27 MP: 1/1
  1430 | D:2      | Reached XP level 3. HP: 28/33 MP: 2/2
  1745 | D:2      | Found a faded altar of an unknown god.
  1785 | D:2      | Reached skill level 3 in Long Blades
  1785 | D:2      | Reached XP level 4. HP: 40/40 MP: 3/3
  2358 | D:3      | Found a hazy altar of Hepliaklqana.
  2384 | D:3      | Reached XP level 5. HP: 13/47 MP: 4/4
  2407 | D:2      | Reached skill level 4 in Long Blades
  2647 | D:3      | Reached skill level 1 in Dodging
  2707 | D:3      | Found a shimmering blue altar of Sif Muna.
  2936 | D:3      | Reached skill level 5 in Armour
  3205 | D:4      | Noticed Blork the orc
  3218 | D:4      | Killed Blork the orc
  3219 | D:4      | Reached XP level 6. HP: 9/55 MP: 5/5
  3404 | D:4      | Reached skill level 5 in Fighting
  3404 | D:4      | Reached skill level 5 in Long Blades
  3460 | D:4      | Found a bloodstained altar of Trog.
  3460 | D:4      | Found an iron altar of Okawaru.
  3470 | D:4      | Became a worshipper of Warmaster Okawaru
  3531 | D:4      | Identified the +2 robe of Satz {*Slow +Inv Dex+6}
  3669 | D:4      | Reached XP level 7. HP: 59/61 MP: 6/6
  3719 | D:4      | Reached skill level 6 in Long Blades
  3721 | D:4      | Reached skill level 5 in Shields
  3996 | D:5      | Entered Level 5 of the Dungeon
  4401 | D:5      | Reached skill level 1 in Stealth
  4488 | D:5      | Found a staircase to the Ecumenical Temple.
  4506 | Temple   | Entered the Ecumenical Temple
  4911 | D:5      | Reached * piety under Okawaru
  4912 | D:5      | Reached skill level 7 in Long Blades
  5048 | D:5      | Reached XP level 8. HP: 70/70 MP: 7/7
  5186 | D:6      | Slain by an orc warrior

Illustrated notes

Levels and vault maps discovered:
D:1:      saegor_arrival_fortress, layout_basic, minmay_pentomino_q4
D:2:      layout_basic, hellmonk_ecumenical_altar_run_dry,
          amcnicky_mini_pool_small, nicolae_kite_square_tiling_tiny,
          minmay_goblin_outpost
D:3:      layout_basic, mainiacjoe_overflow_concentric_impassable,
          nzn_hepliaklqana_mist_gate
D:4:      kennysheep_big_flooded_room, layout_rooms,
          grunt_temple_overflow_bloody_war, nicolae_figureground_pulse,
          uniq_blork_the_orc
D:5:      layout_loops_ring, minmay_temple_entry_butterflies
D:6:      layout_basic, uniq_crazy_yiuf_cottage
Temple:   hellmonk_temple_forest_ring

Skill      XL: |  1  2  3  4  5  6  7  8 |
---------------+-------------------------+-----
Armour         | 4 5 6 |  6.8
Shields        | 4 5 |  5.3
Fighting       | 4 5 6 |  6.1
Long Blades    | 3 4 5 7 |  7.3
Dodging        | 1 2 |  2.1
Stealth        | 1 |  1.0

Action                     |  1- 3 |  4- 6 |  7- 9 || total
---------------------------+-------+-------+-------++-------
  Melee: Long sword        |    82 |   163 |    93 ||   338
         Headbutt          |     6 |    21 |    17 ||    44
  Evoke: Wand              |       |       |     3 ||     3
    Use: Potion            |     3 |       |       ||     3
         Scroll            |     2 |     1 |       ||     3
 Armour: Scale mail        |    54 |    89 |    17 ||   160
         Chain mail        |       |       |    31 ||    31
  Dodge: Dodged            |    36 |    98 |    39 ||   173
  Block: Buckler           |    32 |    50 |    28 ||   110
